 Dungeon Crawl Stone Soup version 0.15.0-13-gb296d5c (webtiles) character file.

1698 CrazyArbalest the Bolt Thrower (level 8, -6/58 HPs)
             Began as a Demonspawn Hunter on Sept 2, 2014.
             Was a Believer of Okawaru.
             Mangled by an orc warrior
             ... wielding a +0 flail
              (17 damage)
             ... on Level 7 of the Dungeon.
             The game lasted 01:11:06 (8011 turns).

CrazyArbalest the Bolt Thrower (Demonspawn Hunter)  Turns: 8011, Time: 01:11:06

HP  -6/58        AC 12     Str 12      XL: 8   Next: 72%
MP   4/9         EV 14     Int 14      God: Okawaru [**....]
Gold 274         SH  2     Dex 15      Spells:  0 memorised,  7 levels left

rFire  + . .     SeeInvis .     b - +2 hand crossbow
rCold  . . .     Clarity  .     j - +0 ring mail
rNeg   . . .     rCorr    .     (no shield)
rPois  .         rRot     .     (no helmet)
rElec  .         Spirit   .     (no cloak)
SustAb .         Warding  .     p - +2 pair of gloves
rMut   .         Stasis   .     (no boots)
Gourm  .                        (no amulet)
MR     .....                    s - ring of invisibility
                                i - ring of protection from fire

@: heroism, not resistant to hostile enchantments, fairly stealthy
A: talons 1, large bone plates 1, powered by death 1, spiny 2
a: Heroism, Renounce Religion, Evoke Invisibility


You were on level 7 of the Dungeon.
You worshipped Okawaru.
Okawaru was pleased with you.
You were near starving.

You visited 2 branches of the dungeon, and saw 8 of its levels.

You collected 352 gold pieces.
You spent 78 gold pieces at shops.

Inventory:

Hand weapons
 a - a +2 antimagic whip
 b - a +2 hand crossbow (weapon)
 m - a +0 flail
 M - a +0 whip
 Q - a +1 mace of protection
Missiles
 c - 18 bolts (quivered)
Armour
 j - a +0 ring mail (worn)
 p - a +2 pair of gloves (worn)
 D - a fire dragon hide
Magical devices
 l - a wand of frost (6)
 v - a wand of slowing (0)
 w - a wand of digging (13)
 X - a wand of random effects (6)
Comestibles
 f - 5 bread rations
 g - 3 meat rations
 h - 3 beef jerkies
 K - 2 slices of pizza
Scrolls
 e - 3 scrolls of recharging
 k - 2 scrolls of magic mapping
 o - 2 scrolls of random uselessness {unknown}
 r - 3 scrolls of remove curse
 t - 3 scrolls of fear
 B - a scroll of fog {unknown}
 C - 3 scrolls of identify
 J - 2 scrolls of amnesia {unknown}
 S - 2 scrolls of enchant weapon
 U - a scroll of enchant armour {unknown}
 V - a scroll of noise {unknown}
 W - a scroll of blinking {unknown}
Jewellery
 d - an uncursed amulet of clarity {unknown}
 i - a ring of protection from fire (left hand)
 s - a ring of invisibility (right hand)
 y - a +2 ring of strength
 G - an uncursed ring of ice
 Z - an uncursed ring of magical power
Potions
 u - a potion of magic {unknown}
 x - a potion of poison {unknown}
 z - 2 potions of might {unknown}
 A - a potion of lignification {unknown}
 E - a potion of porridge
 F - a potion of agility {unknown}
 L - 4 potions of heal wounds {unknown}
 N - a potion of degeneration {unknown}
 O - a potion of cancellation {unknown}
 P - a potion of flight {unknown}
 T - a potion of brilliance {unknown}
Books
 I - a book of Battle

   Spells                             Type                      Level
   Infusion                           Charms                       1
   Shroud of Golubria                 Charms/Translocation         2
   Song of Slaying                    Charms                       2
   Spectral Weapon                    Hexes/Charms                 3
   Regeneration                       Charms/Necromancy            3
 R - a Grand Grimoire {highlevel, unknown}

   This book is beyond your current level of understanding.

   Spells                             Type                      Level
   Aura of Abjuration                 Summoning                    6
   Forceful Dismissal                 Summoning                    6
   Summon Greater Demon               Summoning                    7
   Malign Gateway                     Summoning/Translocation      7
   Summon Horrible Things             Summoning                    8


   Skills:
 + Level 3.2(8.2) Fighting
 * Level 3.5(8.5) Maces & Flails
 * Level 7.1(12.1) Crossbows
 + Level 4.2(9.2) Armour
 + Level 4.7(9.7) Dodging
 + Level 1.6(6.6) Stealth
 + Level 1.3 Evocations


You had 7 spell levels left.
You didn't know any spells.

Dungeon Overview and Level Annotations

Branches:
Dungeon (7/15)             Temple (1/1) D:4

Altars:
Ashenzari
Cheibriados
Dithmenos
Elyvilon
Kikubaaqudgha
Nemelex Xobeh
Okawaru
Qazlal
Sif Muna
Trog
Vehumet
Zin

Shops:
D:5 !   D:7 :

Annotations:
D:4 Tolias' ghost, average HaWz
D:7 Pikel


Innate Abilities, Weirdness & Mutations

You have sharp toenails.
You are partially covered in large bone plates (AC +2, SH +2).
You can steal the life force of nearby defeated enemies.
You are mostly covered in sharp spines.


Message History

Press: ? - help, Shift-Dir - straight line, f/p - orc warrior
Aim: an orc warrior, wielding a flail and wearing a chain mail (almost dead)
You shoot a bolt.
The bolt hits the orc warrior but does no damage.
The orc warrior is almost dead.
The orc warrior hits you with a flail.
* * * LOW HITPOINT WARNING * * *
Firing (i - inventory):
c - 20 bolts (quivered)
Press: ? - help, Shift-Dir - straight line, f/p - orc warrior
Aim: an orc warrior, wielding a flail and wearing a chain mail (almost dead)
You shoot a bolt. The bolt barely misses the orc warrior.
The orc warrior closely misses you.
Firing (i - inventory):
c - 19 bolts (quivered)
Press: ? - help, Shift-Dir - straight line, f/p - orc warrior
Aim: an orc warrior, wielding a flail and wearing a chain mail (almost dead)
You shoot a bolt.
The bolt hits the orc warrior but does no damage.
The orc warrior is almost dead.
The orc warrior hits you with a flail!
You die...

#.######.# ##### #.# #.#
#...### #.#
#.#####...'..
#.######.........###
#.#....#.......#.#
#####.#.##.#.......#.###
#.....#.#...............
#.....#.#....###.#.#####
#.....#@#....###.......#
#.....o.#..........###.#
#.....######.......# #(#
#...(..o..(...)....# #.#
##.#############<#.# #..
#.# #####.#.####. #.#
#..........). #.#
###.###(#.####. #.#
#.......(.# #.


You could see an orc warrior.

Vanquished Creatures
  2 phantoms
  A sky beast (D:7)
  3 ogres
  4 centaurs
  2 scorpions
  A crimson imp (D:5)
  2 hounds
  A goliath beetle (D:6)
  2 orc priests
  A jelly (D:7)
  2 iguanas
  2 orc wizards
  2 worker ants
  Jessica (D:2)
  Terence (D:3)
  18 gnolls
  5 adders
  A shadow imp (D:6)
  A giant mite (D:2)
  A worm (D:2)
  An adder zombie (D:5)
  2 giant geckos
  3 oozes
  13 orcs
  A bat zombie (D:7)
  5 giant cockroaches
  13 goblins
  14 hobgoblins
  6 jackals
  A ball python (D:1)
  11 bats
  2 giant newts (D:1)
  8 kobolds
  2 quokkas
  11 rats
146 creatures vanquished.

Notes
Turn   | Place    | Note
--------------------------------------------------------------
     0 | D:1      | CrazyArbalest, the Demonspawn Hunter, began the quest for the Orb.
     0 | D:1      | Reached XP level 1. HP: 15/15 MP: 1/1
   151 | D:1      | Gained mutation: You can steal the life force of nearby defeated enemies. [demonic ancestry]
   151 | D:1      | Reached XP level 2. HP: 21/21 MP: 2/2
   292 | D:1      | Reached skill level 4 in Crossbows
   789 | D:2      | Noticed Jessica
  1217 | D:2      | Gained mutation: You are partially covered in sharp spines. [demonic ancestry]
  1217 | D:2      | Reached XP level 3. HP: 22/26 MP: 3/3
  1578 | D:2      | Killed Jessica
  1578 | D:2      | Reached skill level 1 in Armour
  1578 | D:2      | Reached XP level 4. HP: 32/32 MP: 4/4
  1588 | D:2      | Reached skill level 1 in Stealth
  1880 | D:2      | Found a snail-covered altar of Cheibriados.
  2000 | D:2      | Found a stormy altar of Qazlal.
  2110 | D:2      | Found a glowing silver altar of Zin.
  2344 | D:3      | Gained mutation: You are partially covered in large bone plates (AC +2, SH +2). [demonic ancestry]
  2344 | D:3      | Reached XP level 5. HP: 18/37 MP: 1/5
  2533 | D:3      | Noticed Terence
  2550 | D:3      | Killed Terence
  2856 | D:3      | Reached skill level 5 in Crossbows
  3554 | D:4      | Reached XP level 6. HP: 35/44 MP: 2/6
  3614 | D:4      | Noticed an ogre
  3797 | D:4      | Found a staircase to the Ecumenical Temple.
  3798 | D:4      | Noticed an ogre
  3882 | D:4      | Killed an ogre
  3882 | D:4      | Reached skill level 1 in Maces & Flails
  3908 | Temple   | Entered the Ecumenical Temple
  3945 | Temple   | Became a worshipper of Warmaster Okawaru
  4049 | D:4      | Noticed Tolias' ghost (average HaWz)
  4134 | D:4      | Killed an ogre
  4523 | D:4      | Gained mutation: You have sharp toenails. [demonic ancestry]
  4523 | D:4      | Reached XP level 7. HP: 50/50 MP: 2/7
  4650 | D:5      | Entered Level 5 of the Dungeon
  5194 | D:5      | Acquired Okawaru's first power
  5214 | D:5      | Found Isattul's Distillery.
  5245 | D:5      | Reached skill level 6 in Crossbows
  5253 | D:5      | Bought a potion of curing for 26 gold pieces
  5253 | D:5      | Bought a potion of curing for 26 gold pieces
  5253 | D:5      | Bought a potion of curing for 26 gold pieces
  5424 | D:5      | Found a deep blue altar of Sif Muna.
  5900 | D:6      | Found an iron altar of Okawaru.
  6024 | D:6      | Found a white marble altar of Elyvilon.
  6285 | D:6      | Gained mutation: You are mostly covered in sharp spines. [demonic ancestry]
  6285 | D:6      | Reached XP level 8. HP: 38/57 MP: 2/8
  7503 | D:7      | Reached skill level 7 in Crossbows
  7706 | D:7      | Found Striceimn's Book Shoppe.
  7746 | D:7      | Noticed Pikel
  7815 | D:7      | Reached skill level 1 in Evocations
  7994 | D:7      | HP: 2/58 [orc warrior/flail (17)]
  8011 | D:7      | Mangled by an orc warrior

Action                   |  1- 3 |  4- 6 |  7- 9 || total
-------------------------+-------+-------+-------++-------
Melee: Short sword       |    67 |       |       ||    67
       Club              |    16 |       |       ||    16
       Whip              |    10 |   192 |   267 ||   469
       Flail             |     2 |     3 |       ||     5
 Fire: Hand crossbow     |    28 |    58 |    56 ||   142
Invok: Heroism           |       |       |     2 ||     2
Evoke: Wand              |       |     5 |    17 ||    22
  Use: Scroll            |     5 |       |     7 ||    12
       Potion            |       |     1 |     7 ||     8
 Stab: Sleeping          |       |       |     1 ||     1
  Eat: Chunk             |     1 |     9 |     8 ||    18
       Fruit             |       |     1 |     3 ||     4
